 Dungeon Crawl Stone Soup version 0.27-a0-1184-ge86db4a01e (webtiles) character file.

Game seed: 1534551486497465942

106717 chippings the Carver (level 15, 0/115 HPs)
             Began as a Mummy Gladiator on May 18, 2021.
             Was the Champion of Okawaru.
             Slain by a wolf spider (9 damage)
             ... on level 2 of the Spider Nest.
             The game lasted 01:13:22 (34138 turns).

chippings the Carver (Mummy Gladiator)             Turns: 34138, Time: 01:13:22

Health: 0/115      AC: 38    Str: 26    XL:     15   Next: 98%
Magic:  21/21      EV: 30    Int: 12    God:    Okawaru [******]
Gold:   2412       SH:  0    Dex: 17    Spells: 14/14 levels left

rFire    + . .     SeeInvis .   H - +4 triple sword "Xuzxihaf" {protect, rPois Str+6 Dex-5}
rCold    + + .     Faith    .   (shield currently unavailable)
rNeg     + + +     Spirit   .   q - +4 chain mail {Will+}
rPois    ∞         Reflect  .   c - +0 helmet
rElec    +         Harm     .   O - +0 cloak
rCorr    .         Rampage  .   h - +2 pair of gloves {Dex+3}
Will     ++...                  G - +2 pair of boots {Stlth+}
Stlth    +.........             A - amulet of Yzozoh {Acrobat rPois rF+ rN+ Dex-3}
HPRegen  0.29/turn              R - ring of Ubimauti {rElec AC+4 Int+3}
MPRegen  0.17/turn              D - ring of Propriety {+Blink rF+ rC+ Dex+6 Stlth+}

@: confused, heroic, under a protective aura, acrobatic
A: cold resistance 1, negative energy resistance 3, torment resistance 2, heat
vulnerability 1, in touch with death 1, no potions
a: Renounce Religion, Evoke Blink, Heroism, Finesse


You were on level 2 of the Spider Nest.
You worshipped Okawaru.
Okawaru was exalted by your worship.
You visited 4 branches of the dungeon, and saw 22 of its levels.
You also visited: Sewer, Bailey, Gauntlet and Ice Cave.

You collected 4034 gold pieces.
You spent 1622 gold pieces at shops.

Inventory:

Hand Weapons
 b - a +4 great sword
 H - the +4 triple sword "Xuzxihaf" (weapon) {protect, rPois Str+6 Dex-5}
   (Okawaru gifted it to you in an ice cave)

   It grants its wielder temporary protection when it strikes (+7 to AC).
   It affects your strength (+6).
   It affects your dexterity (-5).
   It protects you from poison.
Missiles
 a - 9 silver boomerangs
 d - a throwing net
 k - 3 atropa-tipped darts
 l - 76 poisoned darts
 m - 4 curare-tipped darts (quivered)
 s - 16 datura-tipped darts
 t - 11 javelins
 C - 10 boomerangs
 J - 10 silver javelins
Armour
 c - a +0 helmet (worn)
 h - a +2 pair of gloves of dexterity (worn)
 q - a +4 chain mail of willpower (worn)
 G - a +2 pair of boots of stealth (worn)
 O - a +0 cloak (worn)
 P - a +1 plate armour of fire resistance
Jewellery
 n - a ring of resist corrosion
 A - the amulet of Yzozoh (around neck) {Acrobat rPois rF+ rN+ Dex-3}
   (You bought it in a shop on level 1 of the Orcish Mines)

   [amulet of the acrobat]

   It increases your evasion while moving and waiting.
   It affects your dexterity (-3).
   It protects you from fire.
   It protects you from poison.
   It protects you from negative energy.
 D - the ring of Propriety (right hand) {+Blink rF+ rC+ Dex+6 Stlth+}
   (You found it in a Gauntlet)

   [ring of dexterity]

   It affects your dexterity (+6).
   It protects you from fire.
   It protects you from cold.
   It lets you blink.
   It makes you more stealthy.
 F - a ring of willpower
 I - the ring "Wiohe" {Drain Fly rPois rN+ Stlth+}
   (You found it in a Gauntlet)

   [ring of positive energy]

   It protects you from poison.
   It protects you from negative energy.
   It grants you flight.
   It drains your maximum health when unequipped.
   It makes you more stealthy.
 N - a ring of see invisible
 R - the ring of Ubimauti (left hand) {rElec AC+4 Int+3}
   (You bought it in a shop on level 1 of the Orcish Mines)

   [ring of protection]

   It affects your AC (+4).
   It affects your intelligence (+3).
   It insulates you from electricity.
Wands
 f - a wand of polymorph (7)
 j - a wand of paralysis (10)
 y - a wand of iceblast (10)
 B - a wand of flame (35)
 K - a wand of charming (7)
 M - a wand of acid (3)
 Q - a wand of digging (5)
Scrolls
 e - 5 scrolls of noise
 g - 2 scrolls of enchant weapon
 i - 11 scrolls of identify
 o - 3 scrolls of magic mapping
 p - a scroll of amnesia
 r - 2 scrolls of vulnerability
 u - 3 scrolls of teleportation
Miscellaneous
 w - a phantom mirror (inert)
 x - a condenser vane (inert)


   Skills:
 - Level 10.0(15.0) Fighting
 * Level 14.0(19.0) Long Blades
 + Level 8.7(13.7) Throwing
 - Level 8.0(13.0) Armour
 - Level 8.0(13.0) Dodging
 + Level 7.3(12.3) Stealth
 - Level 8.0 Invocations
 - Level 8.0 Evocations


You had 14 spell levels left.
You didn't know any spells.
Your spell library contained the following spells:

 Spells                   Type           Power      Damage    Failure   Level
 Freeze                   Ice            0%         1d3       80%         1
 Magic Dart               Conj           0%         1d3       80%         1
 Blink                    Tloc           N/A        N/A       90%         2
 Call Imp                 Summ           0%         N/A       90%         2
 Searing Ray              Conj           0%         3d3       90%         2
 Slow                     Hex            0%         N/A       90%         2
 Confusing Touch          Hex            0%         N/A       99%         3
 Conjure Flame            Conj/Fire      0%         6-21      99%         3
 Dazzling Flash           Conj/Hex       0%         N/A       99%         3
 Frozen Ramparts          Ice            0%         1d2       99%         3
 Gell's Gravitas          Tloc           0%         N/A       99%         3
 Mephitic Cloud           Conj/Pois/Air  0%         N/A       99%         3
 Ozocubu's Armour         Ice            0%         N/A       99%         3
 Fulminant Prism          Conj/Hex       0%         3d6       100%        4
 Hailstorm                Conj/Ice       0%         3d3       100%        4
 Iskenderun's Mystic Bla  Conj/Tloc      0%         2d3       100%        4
 Petrify                  Tmut/Erth      0%         N/A       100%        4
 Metabolic Englaciation   Hex/Ice        0%         N/A       100%        5
 Yara's Violent Unravell  Hex/Tmut       0%         3d3       100%        5


Dungeon Overview and Level Annotations

Branches:
Dungeon (11/15)            Temple (0/1) D:4            Lair (6/6) D:11
 Shoals (0/4) Lair:2       Spider (3/4) Lair:2        Slime (0/5) Lair:6
    Orc (2/2) D:10            Elf (0/3) Orc:2         Sewer (visited)
 Bailey (visited)           IceCv (visited)         Gauntlet (visited)

Altars:
Ashenzari
Cheibriados
Dithmenos
Gozag
Hepliaklqana
Kikubaaqudgha
Makhleb
Nemelex Xobeh
Okawaru
Qazlal
Wu Jian
Yredelemnul
Zin
Jiyva

Shops:
D:1 !   D:4 *   Orc:1 =   Orc:2 *(*(

Annotations:
D:2 1 runed translucent door, Crazy Yiuf
Spider:2 Nikola
Orc:2 3 runed translucent doors, 3t5h's ghost, journeyman DDFi


Innate Abilities, Weirdness & Mutations

You are immune to poison.
Your flesh is cold resistant. (rC+)
You are immune to negative energy. (rN+++)
You are immune to unholy pain and torment.
You are vulnerable to heat. (rF-)
You are in touch with the powers of death.
You do not drink.


Message History

* * * LOW HITPOINT WARNING * * *
You are confused.
The tarantella bites you but does no damage.
You bump into the rock wall.
The jumping spider misses you.
The jumping spider bites you but does no damage.
The wolf spider misses you. The wolf spider barely misses you.
The tarantella bites you.
* * * LOW HITPOINT WARNING * * *
The tarantella bites you but does no damage.
Nikola hits you but does no damage.
The jumping spider pounces on you but does no damage.
The jumping spider barely misses you. The wolf spider misses you.
The wolf spider barely misses you.
The tarantella bites you but does no damage. x2
Unknown command.
Nikola hits you with a +3 rapier of electrocution.
* * * LOW HITPOINT WARNING * * *
Unknown command.
You slice the wolf spider!!
The wolf spider is moderately wounded.
The jumping spider closely misses you.
The jumping spider bites you but does no damage.
The tarantella bites you but does no damage.
Nikola hits you with a +3 rapier of electrocution!
* * * LOW HITPOINT WARNING * * *
The wolf spider hits you but does no damage.
The wolf spider bites you but does no damage.
The jumping spider pounces on you but does no damage.
The jumping spider barely misses you.
You bump into the rock wall.
The tarantella barely misses you.
The wolf spider hits you but does no damage.
The wolf spider barely misses you.
Nikola mumbles some strange words.
Nikola blinks!
The jumping spider pounces on you.
* * * LOW HITPOINT WARNING * * *
The jumping spider bites you but does no damage.
The tarantella bites you but does no damage.
The wolf spider hits you but does no damage.
The wolf spider bites you!
You die...

†#....# ##.#..#....#...#.#
.<#..## ###....#.#...##...##
..#..# ##.....#...##......#
....## #...#..>.#........## ##..#
##..#..#.......#..## #####
##..........^......#### ##
#...#.#.....##..†.###^## .##
##........#####.#.[>##..#
..######....#..#@.# #........#.#
...#..##|...#..s..###..........#
...#....#..#...ss##......#.#.#.#
^.##^...........s##.....#.#....##
#....#.#.#..#...^##..#.......#..#
#.....#####..@^.###..#...#.......
..##..## #^...##^#..#......#....
#...#..# ##..#.^.^......##..#....
.#....## #.....#..#............#.


You could see Nikola, a wolf spider, a jumping spider and 2 tarantellas.

Vanquished Creatures
  Arachne (Spider:2)
  An emperor scorpion (Spider:1)
  An orc warlord (Orc:1)
  An entropy weaver (Lair:2)
  A dire elephant (Lair:6)
  A minotaur (Gauntlet)
  2 boulder beetles
  Erolcha (D:11)
  An ice dragon (Lair:6)
  4 ogre magi (Orc:2)
  4 hydras
  20 two-headed ogres
  3 catoblepae
  15 death yaks
  A deep troll shaman (Lair:6)
  Urug (Orc:2)
  Nergalle (Lair:3)
  Sonja (Orc:2)
  A sixfirhy (Gauntlet)
  8 orb spiders
  3 orc knights
  An orc sorcerer (Orc:1)
  A manticore (D:11)
  A moth of wrath (Spider:1)
  12 wolf spiders
  10 elephants (Lair:6)
  Joseph (D:7)
  4 black mambas
  2 ice statues (IceCv)
  2 torpor snails (Spider:1)
  3 gargoyles
  6 cane toads
  Psyche (D:9)
  3 rime drakes
  9 demonic crawlers
  A kobold demonologist (D:11)
  8 ice devils (IceCv)
  10 komodo dragons
  11 jumping spiders
  4 polar bears (Lair:6)
  A meliai (Spider:3)
  4 trolls
  2 hornets (Spider:2)
  A wolf spider simulacrum (D:10)
  4 dream sheep
  15 blink frogs
  4 centaur simulacra (Gauntlet)
  14 tarantellas
  A vampire (D:10)
  35 redbacks
  3 wraiths
  42 yaks
  A wyvern (Lair:4)
  3 basilisks
  A steam dragon (D:7)
  Edmund (D:5)
  10 water moccasins
  A hydra simulacrum (Gauntlet)
  Purgy (Sewer)
  11 ice beasts
  21 orc warriors
  A necrophage (D:7)
  31 ogres
  2 black bears
  2 sky beasts
  26 wolves
  5 centaurs
  2 kobold brigands (D:11)
  A phantom (D:6)
  A gnoll sergeant (D:9)
  A wyvern zombie (D:9)
  13 bullfrogs
  A scorpion (D:5)
  17 wights
  6 killer bees
  4 howler monkeys
  An electric eel (Lair:4)
  2 bullfrog zombies (D:5)
  A centaur zombie (D:6)
  2 hounds
  A jelly (D:8)
  16 orc priests
  A gnoll shaman (D:6)
  A bullfrog skeleton (D:7)
  4 iguanas
  14 orc wizards
  12 hell rats
  A killer bee zombie (D:3)
  A mummy (D:4)
  A howler monkey zombie (D:9)
  7 adders
  11 gnolls
  10 white imps
  12 ufetubi
  4 worms
  A dart slug (D:1)
  63 orcs
  11 endoplasms
  6 giant cockroaches
  18 goblins
  15 hobgoblins
  9 jackals
  25 kobolds
  6 quokkas
  5 ball pythons
  13 bats
  3 frilled lizards
  7 rats
735 creatures vanquished.

Vanquished Creatures (collateral kills)
  A jumping spider (Spider:2)
  Eustachio (D:5)
  Duvessa (D:5)
  A gnoll (D:6)
4 creatures vanquished.

Vanquished Creatures (others)
  A reaper (IceCv)
  4 redbacks
  A water moccasin (D:7)
  A bullfrog (Lair:3)
  A killer bee (Spider:3)
  4 white imps (IceCv)
  An ufetubus (IceCv)
  22 demonic plants (Gauntlet)
  24 fungi
  30 plants
89 creatures vanquished.

Grand Total: 828 creatures vanquished

Notes
Turn   | Place    | Note
-------+----------+-------------------------------------------
     0 | D:1      | chippings the Mummy Gladiator began the quest for the Orb.
     0 | D:1      | Reached XP level 1. HP: 16/16 MP: 1/1
   238 | D:1      | Reached XP level 2. HP: 22/22 MP: 2/2
   521 | D:1      | Found Fuotest's Distillery.
   624 | D:1      | Found a faded altar of an unknown god.
   635 | D:1      | Reached skill level 3 in Long Blades
  1176 | D:2      | Reached XP level 3. HP: 26/28 MP: 3/3
  1600 | D:2      | Reached XP level 4. HP: 20/35 MP: 4/4
  2257 | D:2      | Reached skill level 4 in Long Blades
  2641 | D:2      | Found a runed translucent door.
  2642 | D:2      | Noticed Crazy Yiuf
  2990 | D:3      | Reached XP level 5. HP: 34/41 MP: 5/5
  3209 | D:3      | Found an iron altar of Okawaru.
  3221 | D:3      | Became a worshipper of Warmaster Okawaru
  4034 | D:3      | Found a broken altar of Ashenzari.
  4136 | D:4      | Found an ornate altar of the Wu Jian Council.
  4137 | D:4      | Found a sand-covered staircase.
  4663 | D:4      | Found a staircase to the Ecumenical Temple.
  4719 | D:4      | Noticed an orc warrior
  4756 | D:3      | Killed an orc warrior
  4757 | D:3      | Reached skill level 5 in Long Blades
  4757 | D:3      | Reached XP level 6. HP: 30/48 MP: 6/6
  4957 | D:4      | Found Owkaihaj's General Store.
  4982 | D:4      | Bought a scroll of identify for 24 gold pieces
  5148 | D:4      | You fall into a shaft and drop 2 floors!
  5327 | D:6      | Reached XP level 7. HP: 41/55 MP: 7/7
  5332 | D:5      | Entered Level 5 of the Dungeon
  5335 | D:5      | Found a sparkling altar of Nemelex Xobeh.
  5350 | D:6      | Noticed a yak
  5353 | D:6      | Noticed a yak
  5354 | D:6      | Noticed a yak
  5373 | D:5      | Killed a yak
  5373 | D:5      | Reached * piety under Okawaru
  5570 | D:5      | Reached skill level 6 in Long Blades
  5577 | D:5      | Found a shadowy altar of Dithmenos.
  5596 | D:5      | Noticed Eustachio
  5599 | D:5      | Noticed Duvessa
  5603 | D:5      | Noticed Dowan
  5610 | D:5      | Killed Eustachio
  5611 | D:5      | Reached skill level 5 in Fighting
  5623 | D:5      | Noticed Dowan
  5623 | D:5      | Dowan changed into Dowan the adder
  5626 | D:5      | Killed Duvessa
  5626 | D:5      | Reached ** piety under Okawaru
  5628 | D:5      | Killed Dowan the adder
  5773 | D:5      | Reached XP level 8. HP: 28/62 MP: 6/8
  5785 | D:5      | Found a glowing drain.
  5799 | Sewer    | Entered a sewer
  5979 | Sewer    | Noticed Purgy
  5999 | Sewer    | Killed Purgy
  6000 | Sewer    | Reached skill level 1 in Invocations
  6192 | D:5      | Reached skill level 7 in Long Blades
  6355 | D:5      | Found an ancient bone altar of Kikubaaqudgha.
  6355 | D:5      | Noticed Edmund
  6603 | D:5      | Found a snail-covered altar of Cheibriados.
  6897 | D:5      | Found a snail-covered altar of Cheibriados.
  7057 | D:5      | Found a shadowy altar of Dithmenos.
  7100 | D:5      | Killed Edmund
  7564 | D:6      | Reached skill level 1 in Armour
  7566 | D:6      | Reached *** piety under Okawaru
  7644 | D:6      | Reached XP level 9. HP: 69/69 MP: 10/10
  7700 | D:6      | Found a stormy altar of Qazlal.
  7700 | D:6      | Found a basalt altar of Yredelemnul.
  7863 | D:6      | Reached **** piety under Okawaru
  8221 | D:6      | Found a burning altar of Makhleb.
  8390 | D:7      | Found a flagged portal.
  8408 | Bailey   | Entered a bailey
  8997 | D:7      | Found an opulent altar of Gozag.
  9159 | D:7      | Noticed Joseph
  9184 | D:7      | HP: 2/71 [Joseph/+0 quarterstaff (9)]
  9185 | D:7      | Killed Joseph
  9186 | D:7      | Reached skill level 8 in Long Blades
  9564 | D:7      | Reached skill level 1 in Evocations
 10147 | D:7      | Reached XP level 10. HP: 63/77 MP: 9/12
 11489 | D:9      | Found a faded altar of an unknown god.
 11489 | D:9      | Found a hazy altar of Hepliaklqana.
 11489 | D:9      | Noticed a gargoyle
 11493 | D:9      | Killed a gargoyle
 11533 | D:9      | Noticed Psyche
 11543 | D:9      | Killed Psyche
 11544 | D:9      | Reached skill level 5 in Throwing
 11657 | D:9      | Noticed a two-headed ogre
 11672 | D:9      | Killed a two-headed ogre
 11672 | D:9      | Reached ***** piety under Okawaru
 12258 | D:8      | Received a gift from Okawaru
 12259 | D:8      | Reached skill level 9 in Long Blades
 12986 | D:10     | Entered Level 10 of the Dungeon
 13144 | D:10     | Reached XP level 11. HP: 75/84 MP: 11/14
 13855 | D:10     | Found a staircase to the Orcish Mines.
 14071 | D:11     | Noticed an orc knight
 14095 | D:11     | Killed an orc knight
 14101 | D:10     | Received a gift from Okawaru
 14423 | D:11     | Reached skill level 5 in Invocations
 14431 | D:11     | Reached skill level 5 in Dodging
 14443 | D:11     | Noticed Erolcha
 14450 | D:11     | Killed Erolcha
 14491 | D:11     | Found a staircase to the Lair.
 14499 | D:11     | Noticed a two-headed ogre
 14517 | D:11     | Killed a two-headed ogre
 14777 | D:11     | Noticed a two-headed ogre
 14786 | D:11     | Killed a two-headed ogre
 15044 | Lair:1   | Entered Level 1 of the Lair of Beasts
 15206 | Lair:1   | Reached skill level 10 in Long Blades
 15292 | Lair:1   | Reached XP level 12. HP: 54/94 MP: 12/16
 15294 | Lair:1   | Found a frozen archway.
 15321 | IceCv    | Entered an ice cave
 15473 | IceCv    | Killed a reaper
 15706 | IceCv    | Received a gift from Okawaru
 16269 | IceCv    | Reached skill level 5 in Armour
 16424 | IceCv    | Identified the +4 triple sword "Xuzxihaf" {protect, rPois
                  | Str+6 Dex-5} (Okawaru gifted it to you in an ice cave)
 16424 | IceCv    | Received a gift from Okawaru
 16963 | Lair:1   | Noticed a six-headed hydra
 16973 | Lair:1   | Killed a six-headed hydra
 17814 | Lair:2   | Found a hole to the Spider Nest.
 18188 | Lair:2   | Received a gift from Okawaru
 18333 | Lair:1   | Reached skill level 5 in Evocations
 18461 | Lair:2   | Found a staircase to the Shoals.
 18748 | Lair:3   | Found a gate leading to a gauntlet.
 18757 | Gauntlet | Entered a Gauntlet
 18757 | Gauntlet | Found a transporter.
 18764 | Gauntlet | Noticed a catoblepas
 18767 | Gauntlet | Found a transporter.
 18769 | Gauntlet | Found a transporter.
 18771 | Gauntlet | Found a transporter.
 18784 | Gauntlet | Found a transporter.
 18799 | Gauntlet | Found a transporter.
 18807 | Gauntlet | Found a transporter.
 18810 | Gauntlet | Noticed a seven-headed hydra
 18823 | Gauntlet | Found a transporter.
 18842 | Gauntlet | Found a transporter.
 18854 | Gauntlet | Found a transporter.
 18866 | Gauntlet | Found a transporter.
 18874 | Gauntlet | Found a large runed translucent door.
 18875 | Gauntlet | Found a large runed translucent door.
 18876 | Gauntlet | Found a large runed translucent door.
 18876 | Gauntlet | Found a large runed translucent door.
 18877 | Gauntlet | Found a runed translucent gate.
 18878 | Gauntlet | Found a transporter.
 18878 | Gauntlet | Found a runed translucent gate.
 18879 | Gauntlet | Found a runed translucent gate.
 18880 | Gauntlet | Found a large runed translucent door.
 18880 | Gauntlet | Found a large runed translucent door.
 18881 | Gauntlet | Found a large runed translucent door.
 18882 | Gauntlet | Found a large runed translucent door.
 18890 | Gauntlet | Found a transporter.
 18909 | Gauntlet | Found a transporter.
 18920 | Gauntlet | Found a large runed translucent door.
 18921 | Gauntlet | Found a large runed translucent door.
 18922 | Gauntlet | Found a large runed translucent door.
 18922 | Gauntlet | Found a large runed translucent door.
 18923 | Gauntlet | Found a runed translucent door.
 18924 | Gauntlet | Found a transporter.
 18925 | Gauntlet | Found a runed translucent door.
 18926 | Gauntlet | Found a large runed translucent door.
 18926 | Gauntlet | Found a large runed translucent door.
 18926 | Gauntlet | Found a transporter.
 18927 | Gauntlet | Found a large runed translucent door.
 18928 | Gauntlet | Found a large runed translucent door.
 18957 | Gauntlet | Found a transporter.
 18959 | Gauntlet | Found a transporter.
 19012 | Gauntlet | Killed a catoblepas
 19254 | Gauntlet | Identified the +2 scale mail "Idoadar" {rF- Int+5}
 19257 | Gauntlet | Identified the ring of Propriety {+Blink rF+ rC+ Dex+6
                  | Stlth+}
 19346 | Gauntlet | Identified the +9 hand axe of Mitauwef {chaos, Will+ Str+2}
 19348 | Gauntlet | Identified the ring "Wiohe" {Drain Fly rPois rN+ Stlth+}
 19362 | Gauntlet | Noticed a minotaur
 19369 | Gauntlet | Killed a minotaur
 19370 | Gauntlet | Reached skill level 11 in Long Blades
 19370 | Gauntlet | Gained mutation: You are in touch with the powers of death.
                  | [Mummy growth]
 19370 | Gauntlet | Reached XP level 13. HP: 70/101 MP: 12/18
 19393 | Lair:3   | Identified a scroll of acquirement
 19394 | Lair:3   | Acquired 929 gold pieces
 19715 | Lair:3   | Reached skill level 1 in Stealth
 20197 | Lair:3   | Noticed Nergalle
 20211 | Lair:3   | Killed Nergalle
 20700 | Lair:4   | Found a snail-covered altar of Cheibriados.
 20969 | Lair:4   | Received a gift from Okawaru
 22243 | Lair:4   | Received a gift from Okawaru
 23425 | Lair:6   | Entered Level 6 of the Lair of Beasts
 23473 | Lair:5   | Reached ****** piety under Okawaru
 23614 | Lair:6   | Received a gift from Okawaru
 23912 | Lair:6   | Reached XP level 14. HP: 98/109 MP: 17/19
 24053 | Lair:6   | Found a viscous altar of Jiyva.
 24053 | Lair:6   | Found a staircase to the Slime Pits.
 24314 | Lair:6   | Reached skill level 10 in Fighting
 24751 | Lair:6   | Received a gift from Okawaru
 24948 | Lair:6   | Reached skill level 12 in Long Blades
 25052 | Lair:6   | Identified the +0 ring mail "Ebecvif" {Harm Drain rElec
                  | Int-3}
 26422 | Orc:1    | Entered Level 1 of the Orcish Mines
 26435 | Orc:1    | Noticed an orc warlord
 26454 | Orc:1    | Killed an orc warlord
 26837 | Orc:2    | Entered Level 2 of the Orcish Mines
 27013 | Orc:2    | Noticed Sonja
 27026 | Orc:2    | Killed Sonja
 27239 | Orc:2    | Noticed Urug
 27255 | Orc:2    | Received a gift from Okawaru
 27257 | Orc:2    | Killed Urug
 27312 | D:10     | Received a gift from Okawaru
 27717 | Orc:1    | Reached skill level 5 in Stealth
 28178 | Orc:2    | Reached XP level 15. HP: 64/115 MP: 13/21
 28694 | Orc:2    | Found a runed translucent gate.
 28694 | Orc:2    | Found a runed translucent gate.
 28712 | Orc:2    | Noticed 3t5h's ghost (journeyman DDFi)
 28721 | Orc:2    | Found a runed translucent gate.
 29007 | Orc:2    | Found an iron altar of Okawaru.
 29078 | Orc:2    | Found Nomnap's Antique Weapon Boutique.
 29078 | Orc:2    | Found Joavem's Weapon Emporium.
 29079 | Orc:2    | Found Wat Vassiud's General Store.
 29079 | Orc:2    | Found Duc Nidi's General Store.
 29102 | Orc:2    | Reached skill level 13 in Long Blades
 29112 | Orc:2    | Bought a wand of digging (5) for 234 gold pieces
 29116 | Orc:2    | Bought 5 datura-tipped darts for 34 gold pieces
 29223 | Orc:2    | Found a staircase to the Elven Halls.
 29590 | Orc:1    | Found Izajuosh's Jewellery Boutique.
 29602 | Orc:1    | Bought the amulet of Yzozoh {Acrobat rPois rF+ rN+ Dex-3}
                  | for 599 gold pieces
 29602 | Orc:1    | Bought the ring of Ubimauti {rElec AC+4 Int+3} for 731 gold
                  | pieces
 29810 | Spider:1 | Entered Level 1 of the Spider Nest
 30468 | Spider:1 | Received a gift from Okawaru
 32890 | Spider:2 | Noticed Arachne
 32909 | Spider:2 | Killed Arachne
 32909 | Spider:2 | Received a gift from Okawaru
 33194 | Spider:2 | Reached skill level 14 in Long Blades
 33313 | Spider:2 | Received a gift from Okawaru
 33626 | Spider:3 | Noticed Nikola
 34138 | Spider:2 | Slain by a wolf spider

Illustrated notes

Levels and vault maps discovered:
D:1:      minmay_arrival_four_circles, layout_basic, serial_shops,
          nicolae_shop_competitors_out_of_business, basic_ecumenical_altar
D:2:      cheibrodos_pilgrimage, layout_basic, minivault_11,
          uniq_crazy_yiuf_cottage
D:3:      layout_loops_ring, kennysheep_okawaru_gauntlet,
          lemuel_coloured_pillars_altar
D:4:      layout_gridville, nzn_wu_jian_contemplation,
          minmay_temple_entry_statues_pillars, gup_ossuary_entry_pyramid,
          serial_shops, shop
D:5:      layout_basic, lemuel_round_altar, nicolae_dithmenos_shadow_blocks,
          lemuel_tele_altar, nicolae_overflow_hidden_temple,
          portal_sewer_entry_f, ebering_dispersal_statue_hall, uniq_duvessa,
          uniq_edmund, uniq_eustachio
D:6:      layout_loops_ring, general_overflow_altar,
          gammafunk_temple_overflow_wave
D:7:      layout_loops_ring, nicolae_overflow_crystal_walls, enter_bailey_3,
          minmay_puff, uniq_joseph
D:8:      layout_loops_ring, overflow_temple_1_default, grunt_ministairs_14
D:9:      layout_long_grid, beargit_hepliaklqana_dungeon_heroes, uniq_psyche
D:10:     layout_cave_pods, orc_0_dummy
D:11:     layout_rooms, lair_entry_dummy, uniq_erolcha
Lair:1:   layout_roguey, portal_ice_cave_entry_ice_beasts, grunt_megastairs_1,
          serial_bayou_shore_b
Lair:2:   layout_big_grid, shoals_dummy_entry,
          nicolae_spider_entry_tight_spaces, grunt_megastairs_4,
          lemuel_fruit_fields
Lair:3:   layout_chaotic_city, gauntlet_entry_generic, st_stairs_12,
          uniq_nergalle
Lair:4:   layout_long_grid, basic_altar, nicolae_lair_grove_arrangements,
          chequers_serial_rivers_room_b, serial_bayou_lagoon_b,
          serial_bayou_shore_b
Lair:5:   layout_big_grid
Lair:6:   grunt_lair_end_beastmaster, layout_cave_pods, slime_altar_1,
          bobbens_ice_dragon_lair, grunt_megastairs_3
Spider:1: layout_spider_delve, nicolae_spider_not_touching_you
Spider:2: layout_spider_delve, uniq_arachne
Spider:3: layout_chambers, special_room [special_room_bee], uniq_nikola
Orc:1:    layout_caves, serial_shops, shop
Orc:2:    st_orc_ogre_mass, layout_caves, gammafunk_ghost_fury_of_okawaru,
          uniq_urug, uniq_sonja

Skill      XL: |  1  2  3  4  5  6  7  8  9 10 11 12 13 14 15 |
---------------+----------------------------------------------+-----
Long Blades    | 3 4 5 6 7 8 9 10 11 12 14 | 14.0
Fighting       | 3 4 5 6 7 8 9 10 | 10.0
Throwing       | 2 3 4 5 6 7 8 |  8.7
Invocations    | 2 3 4 5 6 7 8 |  8.0
Armour         | 1 2 3 4 5 6 7 8 |  8.0
Dodging        | 3 4 5 6 7 8 |  8.0
Evocations     | 1 2 4 5 6 7 8 |  8.0
Stealth        | 3 5 7 |  7.3

Action                   |  1- 3 |  4- 6 |  7- 9 | 10-12 | 13-15 || total
-------------------------+-------+-------+-------+-------+-------++-------
Melee: Long sword        |    93 |   218 |       |       |       ||   311
       Scimitar          |       |    32 |   412 |    64 |       ||   508
       Punch             |       |       |     2 |     1 |       ||     3
       Great sword       |       |       |       |   406 |       ||   406
       Triple sword      |       |       |       |   172 |  1023 ||  1195
Throw: Dart              |       |     7 |     9 |     7 |    15 ||    38
       Boomerang         |       |     6 |    36 |     9 |    70 ||   121
       Javelin           |       |       |     5 |    16 |    10 ||    31
       Throwing net      |       |       |     2 |       |       ||     2
Invok: Heroism           |       |       |     7 |    19 |    16 ||    42
Evoke: Wand              |       |       |     2 |     1 |     9 ||    12
       Condenser vane    |       |       |       |       |     3 ||     3
       Phantom mirror    |       |       |       |       |     1 ||     1
  Use: Scroll            |       |     4 |     8 |     6 |     8 ||    26
 Stab: Invisible         |       |       |       |     1 |     4 ||     5
       Confused          |       |       |       |       |     7 ||     7
       Petrified         |       |       |       |       |     6 ||     6
       Distracted        |       |       |       |       |     1 ||     1
       Sleeping          |       |       |       |       |     1 ||     1
Armor: Leather armour    |     6 |       |       |       |       ||     6
       Plate armour      |    62 |   232 |   109 |       |       ||   403
       Chain mail        |       |       |   189 |   576 |  1338 ||  2103
Dodge: Dodged            |    30 |    81 |   195 |   500 |  1295 ||  2101
       Rpst.: Long sword |     4 |    24 |       |       |       ||    28
       Scimitar          |       |     3 |    39 |     6 |       ||    48
       Great sword       |       |       |       |    79 |       ||    79
       Triple sword      |       |       |       |    46 |   323 ||   369

Table legend: (Time is in decaauts)
 A = Elapsed time spent in this place.
 B = Non-inter-level travel time spent in this place.
 C = Inter-level travel time spent in this place.
 D = Time resting spent in this place.
 E = Time spent auto-exploring this place.
 F = Levels seen in this place.
 G = Mean time per level.
                   A        B        C        D        E       F      G
               +--------+--------+--------+--------+--------+-----+--------+
         Total |  34611 |  33757 |    854 |   7140 |  17549 |  26 | 1331.2 |
       Dungeon |  14880 |  14476 |    404 |   1725 |   9354 |  11 | 1352.7 |
          Lair |  10856 |  10523 |    333 |   2185 |   5653 |   6 | 1809.3 |
   Spider Nest |   3190 |   3124 |     66 |   1179 |   1183 |   3 | 1063.3 |
  Orcish Mines |   3040 |   2990 |     50 |    711 |   1228 |   2 | 1520.0 |
         Sewer |    254 |    254 |      0 |    147 |      2 |   1 |  254.0 |
        Bailey |    451 |    451 |      0 |    235 |      0 |   1 |  451.0 |
      Ice Cave |   1299 |   1299 |      0 |    752 |    129 |   1 | 1299.0 |
      Gauntlet |    637 |    637 |      0 |    206 |      0 |   1 |  637.0 |
               +--------+--------+--------+--------+--------+-----+--------+

Top non-repeatable levels by time:
  Lair:6: 2728 daAuts
  Lair:2: 2394 daAuts
  Lair:3: 2157 daAuts
     D:3: 2073 daAuts
   Orc:2: 1840 daAuts
Spider:2: 1807 daAuts
    D:10: 1682 daAuts
     D:7: 1666 daAuts
     D:5: 1572 daAuts
     D:2: 1453 daAuts
Spider:1: 1328 daAuts
  Lair:1: 1315 daAuts
   IceCv: 1299 daAuts
     D:9: 1289 daAuts
     D:8: 1215 daAuts
